 Dungeon Crawl Stone Soup version 0.28.0 (webtiles) character file.

Game seed: 9861461370157421412

35 freelancePsychic the Slasher (level 3, -3/29 HPs)
             Began as a Djinni Gladiator on Feb 10, 2022.
             Slain by a gnoll (12 damage)
             ... on level 2 of the Dungeon.
             The game lasted 00:01:47 (1485 turns).

freelancePsychic the Slasher (Djinni Gladiator)     Turns: 1485, Time: 00:01:48

Health: -3/29      AC:  4    Str: 13    XL:     3   Next: 55%
Gold:   66         EV: 12    Int: 11    God:
                   SH:  0    Dex: 14

rFire   + + .      SeeInvis .   a - +0 long sword
rCold   x . .      Faith    .   (no shield)
rNeg    . . .      Spirit   .   b - +0 leather armour
rPois   ∞          Reflect  .   c - +0 helmet
rElec   .          Harm     .   (no cloak)
rCorr   .          Rampage  .   (no gloves)
Will    .....                   (boots unavailable)
Stlth   +.........              (no amulet)
HPRegen 0.09/turn               (no ring)
MPRegen 0.00/turn               (no ring)

@: flying
A: sickness immunity, fire resistance 2, cold vulnerability 1, float, innate
caster, HP casting, extra vitality 1
a: no special abilities


You were on level 2 of the Dungeon.
You visited 1 branch of the dungeon, and saw 2 of its levels.

You collected 66 gold pieces.

Inventory:

Hand Weapons
 a - a +0 long sword (weapon)
Missiles
 d - 3 throwing nets (quivered)
Armour
 b - a +0 leather armour (worn)
 c - a +0 helmet (worn)
Magical Staves
 m - a staff of cold
Scrolls
 e - a scroll of vulnerability {unknown}
 g - a scroll of blinking {unknown}
 h - 3 scrolls of identify {unknown}
 k - a scroll of enchant weapon {unknown}
Potions
 f - a potion of mutation {unknown}
 i - 2 potions of invisibility {unknown}
 j - a potion of brilliance {unknown}
 l - a potion of curing {unknown}


   Skills:
 + Level 2.4 Fighting
 * Level 3.4 Long Blades
 - Level 1.5 Throwing
 - Level 3.2 Dodging
 + Level 0.8 Spellcasting


You had 2 spell levels left.
You knew the following spells:

 Your Spells              Type           Power      Damage    Failure   Level
a - Beastly Appendage     Tmut           4%         N/A       30%         1
Your spell library was empty.

Dungeon Overview and Level Annotations

Branches:
Dungeon (2/15)

Altars:


Innate Abilities, Weirdness & Mutations

You are immune to sickness and miasma.
You are immune to poison.
Your flesh is very heat resistant. (rF++)
You are vulnerable to cold. (rC-)
You float through the air rather than walking.
You learn spells naturally, not from books.
Your magical power is your life essence.
You have superior vitality. (+4 MHP)


Message History

No target in view!
No target in view!
No target in view!
No target in view!
No target in view!
No target in view!
Found a stone staircase leading up.
There is a stone staircase leading up here.
Found 28 arrows.
h - 3 scrolls labelled PYICEJ RAPLYIH (gained 1)
You see here 28 arrows.
Found 15 stones.
A gnoll comes into view. It is wielding a +0 flail.
The gnoll shouts!
You hear a shout!
The floating eye turns its gaze towards you.
A goblin comes into view. It is wielding a +0 dagger.
The gnoll throws a throwing net.
The throwing net hits you.
You become entangled in the net!
You see here a throwing net.
You struggle against the net.
You struggle against the net.
You struggle against the net.
You shred the net and break free! You hit the gnoll but do no damage.
The gnoll hits you with a +0 flail. The gnoll hits you with a +0 flail!
You are too injured to fight recklessly!
You barely miss the gnoll. You punch the gnoll, but do no damage.
The gnoll hits you with a +0 flail! The gnoll barely misses you.
You closely miss the gnoll. The gnoll closely misses you.
You slash the gnoll!
The gnoll is severely wounded.
The gnoll hits you with a +0 flail.
* * * LOW HITPOINT WARNING * * *
You closely miss the gnoll.
The gnoll is severely wounded.
The gnoll misses you.
You hit the gnoll.
The gnoll is almost dead.
The gnoll hits you with a +0 flail!
You die...

.##.# ######.##.###
....########.....#
..(.#.......>..###
....#..........#
....#..........#
...............###
#....####..##...g#
#....# ##.##.##g# #....#
##.#..##@#
#....####...g###.#
##.....##.#..###.#
#.....##.##..##.#
#.....##.###..#.########
#.....##.# ##...........
#.....<..# ##.......(..
###....### ##..#.###.
#.#..# #..# #


You could see a gnoll and a goblin.

Vanquished Creatures
  A worm (D:2)
  2 dart slugs (D:1)
  2 ball pythons
  5 endoplasms
  A giant cockroach (D:1)
  2 goblins (D:1)
  3 hobgoblins (D:1)
  6 kobolds
  2 bats
  2 frilled lizards (D:1)
  A rat (D:1)
27 creatures vanquished.

Notes
Turn   | Place    | Note
-------+----------+-------------------------------------------
     0 | D:1      | freelancePsychic the Djinni Gladiator began the quest for
                  | the Orb.
     0 | D:1      | Reached XP level 1. HP: 18/18 MP: 0/0
    53 | D:1      | Reached XP level 2. HP: 18/23 MP: 0/0
   530 | D:1      | Reached XP level 3. HP: 27/29 MP: 0/0
   530 | D:1      | Learned a level 1 spell: Beastly Appendage
  1461 | D:2      | Noticed a floating eye
  1485 | D:2      | Slain by a gnoll

Illustrated notes

Levels and vault maps discovered:
D:1:      dpeg_arrival_tiny_a, layout_basic
D:2:      layout_rooms, hellmonk_ecumenical_altar_watching_god, uniq_terence

Skill      XL: |  1  2 |
---------------+-------+-----
Long Blades    | 3 |  3.4
Fighting       | |  2.4
Throwing       | |  1.5
Dodging        | |  3.2
Spellcasting   | |  0.8

Action                   || total
-------------------------++-------
Melee: Long sword        ||    84
       Punch             ||     1
Armor: Leather armour    ||    21
Dodge: Dodged            ||    46
